[Event "Live Chess"]
[Site "Chess.com"]
[Date "2024.06.02"]
[Round "-"]
[White "ameetghasi100"]
[Black "CheckThis4"]
[Result "1-0"]
[WhiteElo "2756"]
[BlackElo "2676"]
[TimeControl "300"]
[EndTime "7:58:42 PDT"]
[Termination "ameetghasi100 won on time"]

1. c4 e6 2. e3 d5 3. Nf3 Nf6 4.
b3 c5 5. Bb2 Nc6 6. cxd5 exd5 7. Bb5 Bd6 8. d4 cxd4 9. Nxd4 Bd7 10. Nc3 O-O 11. h3 Re8 12. O-O Nxd4 13. Qxd4 Be5 14. Qa4 Bxb5 15. Qxb5 a6 16. Qd3 d4 17. exd4 Qxd4 18.
Qxd4 Bxd4 19. Rad1 Rad8 20. Rd2 Bxc3 21. Bxc3 Rxd2 22.
Bxd2 Re2 23. Rd1 Ne4 24. Be3 h6 25. a4 Rb2 26. Rd8+ Kh7 27. Rd7 Rxb3 28. Rxf7 Kg6 29. Rd7 Nf6 30. Rd6 Rb4 31. a5 Rb5 32. Bb6 Kf5 33. Rd8 Nd5 34. Bd4 Rxa5 35. Bxg7 Nf4 36. Bxh6 Ra1+ 37. Kh2 Ne6 38. Rd5+ Ke4 39. Rd6 Ke5 40. Rb6 Ra2 41. Be3 a5 42. h4 a4 43. Rxb7 a3 44. h5 Rb2 45. Ra7 a2 46. h6 Nf8 47. g4 Ke4 48. Kg3 Rc2 49. g5 Kf5 50. Ra5+ Kg6 51. Kg4 Rc4+ 52. f4 Rc3 53. f5+ Kh7 54. Ra7+ Kg8 55. Bf4 Rc4 56. Rxa2 1-0

[Event "Live Chess"]
[Site "Chess.com"]
[Date "2024.06.02"]
[Round "-"]
[White "Larchikov"]
[Black "NottheBishopSacrifice"]
[Result "1/2-1/2"]
[WhiteElo "2117"]
[BlackElo "2335"]
[TimeControl "300"]
[EndTime "7:58:56 PDT"]
[Termination "Game drawn by agreement"]

1. d4 d5 2. c4 e6 3. Nf3 Nf6 4. Nc3 a6 5. cxd5 exd5 6. Bg5 Be6 7. e3 Nbd7 8. Ne5 Bd6 9. f4 h6 10.
Bh4 Be7 11. Bd3 Nxe5 12. fxe5 Nd7 13. Bxe7 Qxe7 14. O-O O-O 15. Qh5 c6 16. Ne2 Qg5 17. Qxg5 hxg5 18. Bf5 g6 19. Bxe6 fxe6 20. Rf3 Rf5 21.
Raf1 Raf8 22. Ng3 Rxf3 23. gxf3 Kg7 24. Kg2 Nb6 25. b3 a5 26. Rb1 Nd7 27. Ne2 Ra8 28.
a4 Nb8 29. Nc1 Na6 30. Nd3 Kh6 31. Kg3 Rh8 32. b4 axb4 33. Nxb4 Nxb4 34. Rxb4 Rh7 35. Kg4 Rc7 36. Rb6 Rd7 37. a5 Rc7 38. h3 c5 39. Rxe6 cxd4 40. exd4 Rc4 41. Rd6 Rxd4+ 42. Kg3 Rd2 43. e6 Re2 44. Rxd5 Rxe6 45. Rb5 Re7 46.
Kg4 Rc7 47. Rxg5 Rc4+ 48. f4 Rb4 49. Rc5 b6 50. axb6 Rxb6 51. h4 Rb1 52. f5 gxf5+ 53.
Rxf5 Rg1+ 54. Kh3 Rh1+ 55. Kg4 1/2-1/2

[Event "Live Chess"]
[Site "Chess.com"]
[Date "2024.06.02"]
[Round "-"]
[White "santhoshrlokesh"]
[Black "Step-S"]
[Result "1-0"]
[WhiteElo "1472"]
[BlackElo "1260"]
[TimeControl "300"]
[EndTime "7:58:59 PDT"]
[Termination "santhoshrlokesh won by resignation"]

1. d4 e5 2. dxe5 d6 3. exd6 Bxd6 4. Nf3 Nc6 5. Bg5 Qd7 6. e3 h6 7. Bh4 g5 8. Bg3 Qe7 9. Bxd6 cxd6 10. Nc3 Nf6 11. Bb5 O-O 12. O-O Bg4 13. h3 Bh5 14.
Bxc6 bxc6 15. b3 g4 16. hxg4 Bxg4 17. e4 Nxe4 18. Nxe4 Qxe4 19. Qd3 Qg6 20. Nh4 Qg5 21. f3 Qxh4 22. fxg4 Qxg4 23. Rf3 Rfe8 24. Rg3 Qxg3 25. Qxg3+ Kh7 26. Qxd6 Re6 27. Qd7 Kg7 28. Rf1 Rf6 29. Rxf6 Kxf6 30. Qxc6+ 1-0

[Event "Live Chess"]
[Site "Chess.com"]
[Date "2024.06.02"]
[Round "-"]
[White "Hoogleboogle"]
[Black "McFim"]
[Result "0-1"]
[WhiteElo "1255"]
[BlackElo "1778"]
[TimeControl "300"]
[EndTime "7:59:17 PDT"]
[Termination "McFim won on time"]

1. d4 d5 2. c4 c6 3. Nc3 Nf6 4. Nf3 e6 5. Bg5 h6 6. Bh4 Be7 7. e3 Nbd7 8. Bd3 Nf8 9. Qc2 dxc4 10. Bxc4 Ng6 11. Bg3 Nh5 12. Be5 Nxe5 13. dxe5 g6 14. Rd1 Qc7 15. g4 Ng7 16. Ne4 O-O 17. Nf6+ Bxf6 18.
exf6 Ne8 19. Qc3 b5 20. Bb3 a5 21. a4 b4 22. Qd4 c5 23. Qf4 Qxf4 24. exf4 Nxf6 25.
g5 hxg5 26. fxg5 Ne4 27. h4 Ba6 28. h5 gxh5 29. Rxh5 Kg7 30. Bc2 Bb7 31. Kf1 Rh8 32. Rxh8 Rxh8 33. Kg2 Nxg5 34. Rd3 Nxf3 35. Rxf3 Bxf3+ 36.
Kxf3 Kf6 37. Kf4 Rh2 38. Kf3 Ke5 39. Be4 f5 40. Bd3 Rh1 41. b3 Rh3+ 42. Ke2 Kd4 43. Bc4 e5 44. f3 Rh2+ 45. Kf1 Ke3 46. Bd5 Rf2+ 47. Kg1 e4 48. fxe4 fxe4 49. Kh1 Rb2 50. Bc4 Kf3 51. Kg1 e3 52. Kh1 Kg3 53. Kg1 e2 0-1

[Event "Live Chess"]
[Site "Chess.com"]
[Date "2024.06.02"]
[Round "-"]
[White "degringolade64"]
[Black "NAZRIZ1977"]
[Result "0-1"]
[WhiteElo "2081"]
[BlackElo "2081"]
[TimeControl "300"]
[EndTime "7:59:17 PDT"]
[Termination "NAZRIZ1977 won by checkmate"]

1. e4 e5 2. Nf3 d5 3. Nxe5 Bd6 4. d4 dxe4 5. Bc4 Bxe5 6. Qh5 Qe7 7. Qxe5 Nc6 8. Qxg7 Qf6 9. Bxf7+ Qxf7 10. Qxh8 Bf5 11. O-O O-O-O 12. Bg5 Re8 13. d5 Nge7 14. Qc3 Nxd5 15. Qc5 Rg8 16. Bh4 Rxg2+ 17. Kxg2 Bh3+ 18. Kxh3 Qf3+ 19. Bg3 Nf4+ 20. Kh4 Ne7 21. Bxf4 Ng6+ 22.
Kg5 Qxf4+ 23. Kh5 Qh4# 0-1

[Event "Live Chess"]
[Site "Chess.com"]
[Date "2024.06.02"]
[Round "-"]
[White "DavrosLight"]
[Black "wadsy27"]
[Result "0-1"]
[WhiteElo "802"]
[BlackElo "2604"]
[TimeControl "300"]
[EndTime "7:59:51 PDT"]
[Termination "wadsy27 won by checkmate"]

1. e4 c5 2. Nf3 e6 3. h3 Nc6 4.
d4 cxd4 5. Nxd4 Nf6 6. Nxc6 bxc6 7. Bg5 Be7 8. h4 h6 9. Qd3 hxg5 10. hxg5 Rxh1 11. Nd2 a5 12. gxf6 Bxf6 13. O-O-O Ba6 14. Qg3 Qb6 15. Bxa6 Qxb2# 0-1

[Event "Live Chess"]
[Site "Chess.com"]
[Date "2024.06.02"]
[Round "-"]
[White "silunn"]
[Black "educatedlad"]
[Result "1-0"]
[WhiteElo "2063"]
[BlackElo "1745"]
[TimeControl "300"]
[EndTime "7:59:52 PDT"]
[Termination "silunn won by checkmate"]

1. e4 c5 2. Nf3 e6 3. d4 cxd4 4. Nxd4 Nc6 5. Be3 Nf6 6. Bd3 d5 7. Nxc6 bxc6 8. Nd2 Be7 9. O-O a5 10. Qe2 O-O 11. e5 Nd7 12. f4 c5 13. c3 c4 14. Bc2 Bc5 15. Nf3 Qb6 16. Bxc5 Qxc5+ 17. Kh1 Bb7 18. Bxh7+ Kxh7 19. Ng5+ Kh6 20. Rf3 Nxe5 21. Rh3+ Kg6 22. fxe5 f6 23. Qh5+ Kf5 24. Ne4+ Kxe4 25. Re1+ Kf4 26. Rf3# 1-0

[Event "Live Chess"]
[Site "Chess.com"]
[Date "2024.06.02"]
[Round "-"]
[White "CheckThis4"]
[Black "Mangoalo"]
[Result "1-0"]
[WhiteElo "2676"]
[BlackElo "1080"]
[TimeControl "300"]
[EndTime "7:59:55 PDT"]
[Termination "CheckThis4 won by resignation"]

1. d4 Nf6 2. Nc3 e6 3. e4 Bb4 4. e5 Bxc3+ 5. bxc3 Ng8 6. Qg4 g6 7. h4 Nc6 8. h5 Nge7 9. Bd3 O-O 10. Bg5 Nf5 11. Bxd8 Nxd8 12. hxg6 fxg6 13. Nf3 Nf7 14. Ng5 N7h6 15. Qh3 d6 16. Bxf5 exf5 17. Qxh6 1-0

[Event "Live Chess"]
[Site "Chess.com"]
[Date "2024.06.02"]
[Round "-"]
[White "CarmelJane"]
[Black "TheSmoulderingMaster"]
[Result "1-0"]
[WhiteElo "2047"]
[BlackElo "1778"]
[TimeControl "300"]
[EndTime "7:59:59 PDT"]
[Termination "CarmelJane won on time"]

1. e4 c5 2. Nf3 d6 3. c3 Nc6 4. d4 cxd4 5. cxd4 Nf6 6. Nc3 g6 7.
d5 Ne5 8. Nxe5 dxe5 9. h3 Bg7 10. Be2 O-O 11. O-O a6 12. Bg5 b5 13. a3 Rb8 14. Qd2 Qb6 15. Be3 Qc7 16. Bh6 Bd7 17.
Be3 a5 18. Rac1 Qd8 19. b4 axb4 20. axb4 Rc8 21. Bc5 Re8 22. Nxb5 Bxb5 23. Bxb5 Rf8 24. Qe2 Rb8 25. Ra1 Nxe4 26. Qxe4 Rxb5 27. Ra7 Re8 28. Rfa1 Bf8 29. Qxe5 e6 30. Bxf8 Rxf8 31. R1a5 Rxd5 32.
Rxd5 Qxd5 33. Qxd5 exd5 34. Rd7 Rb8 35. b5 d4 36. Rd5 d3 37. Kf1 d2 38. Ke2 Kf8 39. Kxd2 Ke7 40. Kd3 Ke6 41. Kd4 f6 42. Rc5 Rd8+ 43.
Kc3 Rd1 44. Kc2 Rf1 45. b6 Rxf2+ 46. Kc3 Rf1 47. Kc2 Kd6 48. b7 Rf2+ 49. Kb1 Rf1+ 50. Kc2 Rf2+ 51. Kd1 Rb2 52. Rc4 Rxb7 53. h4 Kd5 54. Rc2 Rb4 55. g3 Rg4 56. Rc3 f5 57.
Ke2 h6 58. Kf2 Kd4 59. Rc6 h5 60. Ra6 f4 61. Ra4+ Ke5 62. Ra5+ Kf6 63. Ra6+ Kg7 64.
gxf4 Rxf4+ 65. Kg3 Rg4+ 66. Kh3 Rg1 67. Ra5 Kf6 68. Rb5 Re1 69. Rc5 Re5 70. Rc6+ Kf5 71.
Rc8 Re3+ 72. Kh2 Kg4 73. Rc4+ Kf5 74. Rc5+ Re5 75. Rc6 Re4 76. Rc5+ Kf6 77. Rc6+ Kg7 78. Rc7+ Kh6 79. Kh3 Re3+ 80. Kh2 Re6 81. Rd7 g5 82. hxg5+ Kxg5 83. Rd8 h4 84. Rg8+ Kf4 85. Rh8 Kg4 86. Rg8+ Kf5 87. Rh8 Re4 88. Rf8+ Kg4 89. Rh8 Re2+ 90.
Kh1 Kg3 91. Rg8+ Kh3 92. Kg1 Re1+ 93. Kf2 1-0

[Event "Live Chess"]
[Site "Chess.com"]
[Date "2024.06.02"]
[Round "-"]
[White "MagnersCarlsberg2870"]
[Black "LL220284LL"]
[Result "0-1"]
[WhiteElo "1770"]
[BlackElo "2467"]
[TimeControl "300"]
[EndTime "8:00:12 PDT"]
[Termination "LL220284LL won by resignation"]

1. d4 g6 2. h4 Nf6 3. Nc3 d6 4.
e4 Bg7 5. Bc4 c6 6. a4 d5 7. Bb3 dxe4 8. f3 Qd6 9. Nge2 exf3 10. gxf3 Na6 11. Bf4 Qd8 12. Qd2 h5 13. O-O-O Nb4 14.
Rhg1 Nbd5 15. Nxd5 Nxd5 16. Bxd5 Qxd5 17. Rg3 Be6 18.
b3 O-O-O 19. c4 Qf5 20. d5 cxd5 21. cxd5 Rxd5 22. Qb4 Rc5+ 0-1

[Event "Live Chess"]
[Site "Chess.com"]
[Date "2024.06.02"]
[Round "-"]
[White "GrahamCuthbert"]
[Black "McCarthyStone"]
[Result "0-1"]
[WhiteElo "1049"]
[BlackElo "2464"]
[TimeControl "300"]
[EndTime "8:00:18 PDT"]
[Termination "McCarthyStone won by checkmate"]

1. d4 c5 2. Nf3 cxd4 3. Nxd4 e5 4. Nf3 Nc6 5. e3 d5 6. Bb5 Qa5+ 7. Nc3 Bb4 8. a4 Ne7 9. O-O Bg4 10. Bd2 e4 11. h3 Bh5 12. g4 Bg6 13. Nd4 O-O 14. Nxc6 bxc6 15. Be2 f5 16. gxf5 Bxf5 17. Qe1 Bxh3 18. b3 Bxf1 19. Bxf1 Qd8 20. Qe2 Ng6 21. Bg2 Qf6 22.
Rf1 Bxc3 23. Bxc3 Qxc3 24. Bh3 Ne5 25. Kh1 Rf6 26. Rg1 Raf8 27. Rg2 Qa1+ 28. Kh2 Nf3+ 29. Kg3 Qe5+ 30. Kg4 Rg6# 0-1

[Event "Live Chess"]
[Site "Chess.com"]
[Date "2024.06.02"]
[Round "-"]
[White "Pandreq"]
[Black "ProfPoisson"]
[Result "0-1"]
[WhiteElo "1232"]
[BlackElo "1353"]
[TimeControl "300"]
[EndTime "8:00:54 PDT"]
[Termination "ProfPoisson won by checkmate"]

1. d4 e6 2. c4 f5 3. a3 Nf6 4.
Nc3 Be7 5. Nf3 b6 6. Bf4 Bb7 7. Nb5 d6 8. e3 a6 9. Nc3 Nbd7 10.
Be2 Ne4 11. Nxe4 Bxe4 12. O-O g5 13. Bg3 h5 14. h4 gxh4 15. Nxh4 Bxh4 16. Bxh4 Qxh4 17.
Bf3 O-O-O 18. Qa4 Bxf3 19. Qxa6+ Kb8 20. Rfb1 Bxg2 21. Kxg2 Rhg8+ 22. Kf1 Qh3+ 23. Ke2 Qg4+ 24. Kd2 Qf3 25. Rf1 Rg2 26. Ke1 Rdg8 27. Kd2 Rxf2+ 28.
Rxf2 Qxf2+ 29. Kd3 Rg3 30. Kc3 Qxe3+ 31. Kb4 Qb3# 0-1

[Event "Live Chess"]
[Site "Chess.com"]
[Date "2024.06.02"]
[Round "-"]
[White "Vladyslav2008"]
[Black "imchessive"]
[Result "0-1"]
[WhiteElo "2254"]
[BlackElo "1609"]
[TimeControl "300"]
[EndTime "8:00:57 PDT"]
[Termination "imchessive won by checkmate"]

1. d4 f5 2. c4 d6 3. g3 Nf6 4. Bg2 c6 5. Nc3 g6 6. Nh3 Bg7 7. f3 O-O 8. Nf2 e5 9. e3 exd4 10. exd4 Re8+ 11. Kf1 Be6 12. d5 cxd5 13. cxd5 Bd7 14.
h4 Qb6 15. Qc2 Bb5+ 16. Kg1 Re1+ 17. Kh2 Rxh1+ 18. Bxh1 Nbd7 19. Bf4 Re8 20. Bg2 Re2 21. Nxe2 Qxf2 22. Qc8+ Kf7 23. Ng1 Nxd5 24. Bxd6 Ne3 25.
Qc2 Qxc2 26. Ne2 Qxe2 27. Rg1 Nxg2 28. Rxg2 Qxf3 29. Bf4 Bf1 30. Rd2 Be2 31. Rxd7+ Kf6 32. Bg5+ Ke6 33. Re7+ Kd5 34. Be3 Qf1 35. Rxg7 Bf3 36.
Rd7+ Kc6 37. Rd2 Qe1 38. Bf4 Qh1# 0-1

[Event "Live Chess"]
[Site "Chess.com"]
[Date "2024.06.02"]
[Round "-"]
[White "booktrunk"]
[Black "JohanKjeldahl"]
[Result "0-1"]
[WhiteElo "1491"]
[BlackElo "1803"]
[TimeControl "300"]
[EndTime "8:01:01 PDT"]
[Termination "JohanKjeldahl won by checkmate"]

1. d4 Nf6 2. Nc3 d5 3. Bf4 c6 4. Nf3 Nbd7 5. h3 g6 6. Bh2 Bg7 7. e3 O-O 8. Bd3 a5 9. Qe2 Ne8 10. e4 dxe4 11. Nxe4 Ndf6 12. Nxf6+ Nxf6 13. c3 Nd5 14. O-O b5 15. Rfe1 Ra7 16. Be4 Be6 17. Bd3 Qd7 18. Ne5 Bxe5 19. Bxe5 Bf5 20. Bxf5 Qxf5 21. g4 Qd7 22. Qf3 f6 23. Bg3 a4 24. Qe2 a3 25.
Reb1 axb2 26. Rxb2 Nxc3 27. Qc2 Nd5 28. Rc1 Ra6 29.
Kg2 Kg7 30. Re1 Rfa8 31. Re2 Ra3 32. Kf1 Rc3 33. Qd2 Raa3 34. Kg2 b4 35. Kh2 Qa7 36.
Kg2 Rd3 37. Qc2 Rac3 38. Qb1 Qxd4 39. Rb3 Rd1 40. Qb2 Rcc1 41. Qxd4 Rxd4 42. a3 bxa3 43. Rxa3 e5 44. Bh2 Nf4+ 45. Bxf4 Rxf4 46. f3 Rb4 47. h4 Rb7 48. Rd2 h5 49. gxh5 gxh5 50. Rad3 Kg6 51. Rd6 c5 52. R2d5 Kf5 53. Rc6 Rb2+ 54. Kg3 Rg1+ 55.
Kh3 Rgg2 56. f4 Kxf4 57. Rxf6+ Ke4 58. Rd1 Rh2+ 59. Kg3 Rbg2# 0-1

[Event "Live Chess"]
[Site "Chess.com"]
[Date "2024.06.02"]
[Round "-"]
[White "lateforthesky"]
[Black "Zhevzh1k7"]
[Result "1-0"]
[WhiteElo "2080"]
[BlackElo "1112"]
[TimeControl "300"]
[EndTime "8:01:09 PDT"]
[Termination "lateforthesky won by checkmate"]

1. e4 c6 2. Nf3 d5 3. exd5 cxd5 4. Ne5 Nc6 5. d4 Qa5+ 6. c3 Bf5 7. Nd2 e6 8. Ndf3 Bd6 9. Nxc6 bxc6 10. Bd3 Bxd3 11.
Qxd3 Ne7 12. O-O O-O 13. a4 c5 14. dxc5 Qxc5 15. Be3 Qc6 16. Rfe1 Rab8 17. b4 a6 18. Nd4 Qc4 19. Qxc4 dxc4 20. a5 Rfd8 21. Red1 Be5 22. f4 Bxd4 23. Rxd4 Rxd4 24. Bxd4 Nc6 25. Bc5 Rd8 26. Kf2 Rd3 27. b5 axb5 28. a6 Rxc3 29. a7 Rc2+ 30. Kf1 Nxa7 31. Rxa7 h6 32. Ra8+ Kh7 33. Rb8 Rb2 34. Bd4 Rb4 35. h4 Kg6 36. g4 Rb1+ 37. Kf2 b4 38. h5+ Kh7 39. Rb7 e5 40.
Bxe5 f6 41. Bxf6 Kg8 42. Bxg7 b3 43. g5 hxg5 44. fxg5 Rc1 45. h6 c3 46. Rxb3 c2 47.
Rc3 Kh7 48. Ke2 Kg6 49. Kd2 Rg1 50. Kxc2 Rxg5 51. Rc6+ Kh7 52. Kd3 Rd5+ 53. Ke4 Rb5 54. Kf4 Rb4+ 55. Kf5 Rb5+ 56. Be5 Rb7 57. Re6 Rf7+ 58.
Kg5 Rf8 59. Re7+ Kg8 60. Rg7+ Kh8 61. Rf7+ Kg8 62. Rxf8+ Kxf8 63. h7 Ke7 64. h8=Q Kf7 65. Qf6+ Ke8 66. Qg7 Kd8 67. Bd6 Kc8 68. Qc7# 1-0

[Event "Live Chess"]
[Site "Chess.com"]
[Date "2024.06.02"]
[Round "-"]
[White "juniortay"]
[Black "upoe610"]
[Result "0-1"]
[WhiteElo "2285"]
[BlackElo "2161"]
[TimeControl "300"]
[EndTime "8:01:23 PDT"]
[Termination "upoe610 won by resignation"]

1. e4 e5 2. Nc3 Nf6 3. f4 d5 4. fxe5 Nxe4 5. d3 Nxc3 6. bxc3 d4 7. Nf3 dxc3 8. Be2 Bc5 9. d4 Bb6 10. O-O Nc6 11. Be3 Bg4 12. Bb5 O-O 13. Bxc6 bxc6 14.
h3 Bxf3 15. Rxf3 Qd5 16. Qd3 Rad8 17. Rd1 c5 18. dxc5 Qxd3 19. Rxd3 Rxd3 20. cxd3 Ba5 21. d4 Rb8 22. Bc1 Rb1 23. Rf1 c2 24. Kf2 Bc3 25.
Ke2 Bxd4 26. Kd3 Bxe5 27. Kxc2 Rb5 28. Be3 f6 29. Rd1 Rb2+ 30. Kd3 Rxg2 31. Ke4 Rxa2 32. Rc1 Kf7 33. Rb1 Ke6 34. Rb8 Ra4+ 35. Kf3 Kf5 36. h4 h5 37. Rg8 g6 38. c6 Ra3 39. Ke2 Ke4 40. Bd2 Ra2 41. Kd1 Kd3 42. Rd8+ Bd4 43. Bc1 Rg2 44. Bd2 Rxd2+ 0-1

[Event "Live Chess"]
[Site "Chess.com"]
[Date "2024.06.02"]
[Round "-"]
[White "Cruiseylee78"]
[Black "HoarseyHorsey"]
[Result "0-1"]
[WhiteElo "1686"]
[BlackElo "1523"]
[TimeControl "300"]
[EndTime "8:01:25 PDT"]
[Termination "HoarseyHorsey won by checkmate"]

1. d4 Nf6 2. Bf4 d5 3. e3 Bf5 4.
Bd3 Bg6 5. Nf3 e6 6. c3 c5 7.
Bxg6 hxg6 8. h3 cxd4 9. exd4 Nc6 10. Qc2 Bd6 11. Bg5 Qc7 12. Nbd2 O-O-O 13. b4 e5 14.
dxe5 Nxe5 15. Nxe5 Bxe5 16. Rc1 Rde8 17. O-O Ne4 18. Nxe4 dxe4 19. c4 f6 20. Be3 f5 21.
Bxa7 f4 22. Qxe4 Bb2 23. Qxg6 Bxc1 24. Rxc1 f3 25. g4 Rxh3 26. Qf5+ Qd7 27. Qxd7+ Kxd7 28. Rd1+ Kc6 29. b5+ Kc7 30. Be3 Rh4 31. g5 Rg4+ 32.
Kh2 Rh8# 0-1

[Event "Live Chess"]
[Site "Chess.com"]
[Date "2024.06.02"]
[Round "-"]
[White "dmitro74"]
[Black "nitrofish07"]
[Result "0-1"]
[WhiteElo "1745"]
[BlackElo "2082"]
[TimeControl "300"]
[EndTime "8:01:42 PDT"]
[Termination "nitrofish07 won on time"]

1. d4 d5 2. c4 c6 3. Nc3 Nf6 4. cxd5 cxd5 5. Nf3 Nc6 6. Bg5 a6 7. a4 e6 8. e3 h6 9. Bh4 Be7 10. Bd3 O-O 11. O-O Bd7 12. Rc1 Rc8 13. b3 Re8 14. Bb1 Nb4 15. Qd2 g5 16. Bg3 Kg7 17. Ne5 Rh8 18.
Nxd7 Qxd7 19. Be5 Nc6 20. f4 Nxe5 21. fxe5 Ne4 22. Nxe4 dxe4 23. Bxe4 Rxc1 24. Rxc1 Rc8 25. Rc4 Rxc4 26. bxc4 Qxa4 27. Qc1 Ba3 28. Qf1 Be7 29.
c5 Qb3 30. Qc1 a5 31. Bc2 Qb4 32. Kf2 a4 33. Ke2 a3 34. Qa1 Bd8 35. Qb1 Qc3 36. Bd3 Ba5 37. Qa2 Qe1+ 38. Kf3 Qd1+ 39. Be2 Qc1 40.
Bc4 g4+ 41. Kxg4 Qxe3 42. g3 Qxd4+ 43. Kh3 Qxc5 44. Bxe6 fxe6 45. Qxe6 Bb4 46. Qg4+ Kh7 47. Qf5+ Kh8 48. Qf6+ Kg8 49. e6 Qe7 50. Qg6+ Qg7 51. Qe8+ Kh7 52. Qb5 a2 53. Qd3+ Kh8 54. Qd8+ Bf8 0-1

[Event "Live Chess"]
[Site "Chess.com"]
[Date "2024.06.02"]
[Round "-"]
[White "DarranAS"]
[Black "Demyan7777"]
[Result "0-1"]
[WhiteElo "1419"]
[BlackElo "1881"]
[TimeControl "300"]
[EndTime "8:01:42 PDT"]
[Termination "Demyan7777 won by resignation"]

1. Nf3 d5 2. d4 Nf6 3. g3 e6 4. Bg2 Be7 5. O-O O-O 6. Re1 c6 7. c4 Nbd7 8. c5 b6 9. b4 a5 10. Ne5 Nxe5 11. dxe5 Nd7 12. cxb6 Bxb4 13. Bd2 Nxe5 14. Bxb4 axb4 15. Qd4 Nc4 16. e4 Qxb6 17. Qxb6 Nxb6 18. exd5 cxd5 19. Nd2 Ba6 20. Rec1 Nc4 21. Nb3 Rfc8 22. h4 Na3 23. Kh2 Bc4 24. Nd2 Bb5 25.
Nb3 Rxc1 26. Rxc1 Nc4 27. Bf1 Rxa2 28. Kg2 h6 29. Nd4 Ne3+ 30. Kg1 Bxf1 31. Rxf1 Nxf1 32. Kxf1 Rd2 0-1

[Event "Live Chess"]
[Site "Chess.com"]
[Date "2024.06.02"]
[Round "-"]
[White "RamsayFlayer"]
[Black "Dashman93"]
[Result "1-0"]
[WhiteElo "1948"]
[BlackElo "2136"]
[TimeControl "300"]
[EndTime "8:01:43 PDT"]
[Termination "RamsayFlayer won by checkmate"]

1. e4 e5 2. Nf3 d6 3. d4 Nc6 4. dxe5 dxe5 5. Qxd8+ Kxd8 6. Bb5 Bd6 7. Bxc6 bxc6 8. Nc3 f6 9. Be3 Ne7 10. O-O-O Bg4 11.
Bc5 Nc8 12. Rd3 Ke7 13. Be3 Nb6 14. h3 Be6 15. Nd2 Rab8 16. Nb3 Nc4 17. Na4 Rb5 18. Nac5 Nxe3 19. Nxe6 Nxg2 20. Nxg7 Nf4 21. Nf5+ Ke6 22. Rd2 a5 23. Rhd1 Rd8 24. a4 Rb4 25. Nc5+ Bxc5 26. Rxd8 Rxe4 27. Ng7+ Kf7 28. R8d7+ Kg6 29. Rxc7 Bxf2 30.
Ne8 Rxa4 31. Kb1 Nd5 32. Rxc6 Bd4 33. c3 Ne3 34. Rxf6+ Kg5 35. Rg1+ Kh4 36. Rh6# 1-0

[Event "Live Chess"]
[Site "Chess.com"]
[Date "2024.06.02"]
[Round "-"]
[White "lyricalschemes"]
[Black "grillage"]
[Result "1/2-1/2"]
[WhiteElo "2205"]
[BlackElo "1865"]
[TimeControl "300"]
[EndTime "8:01:44 PDT"]
[Termination "Game drawn by agreement"]

1. e4 d5 2. exd5 Qxd5 3. Nc3 Qd8 4. Bc4 Nf6 5. d3 c5 6. Nge2 Nc6 7. O-O Bg4 8. h3 Bxe2 9. Qxe2 e6 10. Bg5 Be7 11.
Rad1 O-O 12. Rfe1 Nd4 13. Qd2 h6 14. Bh4 a6 15. a4 Re8 16. Bxf6 Bxf6 17. Ne4 Be7 18.
c3 Nf5 19. Qf4 Nd6 20. Qf3 Nxc4 21. dxc4 Qc7 22. b3 Rad8 23. Qg3 Qxg3 24. Nxg3 Rxd1 25. Rxd1 Rd8 26. Rxd8+ Bxd8 27. Ne4 b6 28. Kf1 f5 29.
Nd2 Bf6 30. Nb1 e5 31. Ke2 Kf7 32. f3 Ke6 33. Kd3 g5 34. b4 Be7 35. b5 a5 36.
Nd2 1/2-1/2

[Event "Live Chess"]
[Site "Chess.com"]
[Date "2024.06.02"]
[Round "-"]
[White "McCarthyStone"]
[Black "MagnersCarlsberg2870"]
[Result "1-0"]
[WhiteElo "2464"]
[BlackElo "1770"]
[TimeControl "300"]
[EndTime "8:01:49 PDT"]
[Termination "McCarthyStone won by resignation"]

1. b3 e5 2. Bb2 Nc6 3. e3 Nf6 4. Bb5 a6 5. Bxc6 dxc6 6. Bxe5 Bd6 7.
Bxd6 cxd6 8. Nf3 O-O 9. h3 d5 10. d3 Bf5 11. Nbd2 Re8 12. O-O Qd7 13. Re1 Bxh3 14.
gxh3 Qxh3 15. Qe2 Qg4+ 16. Kh1 Qh4+ 17. Nxh4 1-0

[Event "Live Chess"]
[Site "Chess.com"]
[Date "2024.06.02"]
[Round "-"]
[White "santhoshrlokesh"]
[Black "Larchikov"]
[Result "0-1"]
[WhiteElo "1470"]
[BlackElo "2118"]
[TimeControl "300"]
[EndTime "8:01:53 PDT"]
[Termination "Larchikov won by resignation"]

1. d4 d5 2. Bf4 c5 3. dxc5 Nc6 4. e3 e5 5. Bg3 Bxc5 6. Bb5 Nf6 7. Bxc6+ bxc6 8.
Nc3 Qe7 9. Nf3 Bg4 10. O-O e4 11. h3 Bh5 12. a3 exf3 13. gxf3 O-O 14. Qd3 Rad8 15.
b4 Bd6 16. Bh4 Qe5 17. f4 Qe6 18. Rae1 Qxh3 19. Bxf6 Bf3 0-1

[Event "Live Chess"]
[Site "Chess.com"]
[Date "2024.06.02"]
[Round "-"]
[White "E2E4colchester"]
[Black "JanMur7"]
[Result "0-1"]
[WhiteElo "1162"]
[BlackElo "2283"]
[TimeControl "300"]
[EndTime "8:01:57 PDT"]
[Termination "JanMur7 won by resignation"]

1. d4 e5 2. dxe5 Nc6 3. Nf3 Qe7 4. Nc3 Nxe5 5. Nxe5 Qxe5 6. e3 Nf6 7. Bd3 b6 8.
f4 Qh5 9. Qxh5 Nxh5 10. Be4 c6 11. g3 d5 12. Bd3 Nf6 13. b3 Bb4 14. Bb2 O-O 15.
O-O-O Re8 16. a3 Bc5 17. e4 dxe4 18. Rhe1 exd3 19. Rxe8+ Nxe8 20. Rxd3 Bf5 21. Rd1 Kf8 22. Na4 Be3+ 23. Kb1 b5 24. Nc3 Nc7 25. Ne2 Ne6 26.
Ng1 Bxg1 27. Rxg1 Rd8 28. Ka2 Rd2 29. g4 Be4 30. f5 Nc5 31. g5 Rxc2 32. f6 Nd3 33.
fxg7+ Kg8 34. Ka1 Rxb2 35. Rd1 Kxg7 36. Rxd3 Bxd3 37. Kxb2 Kg6 38. Kc3 Bf1 39. h4 Kh5 40. Kb4 Kxh4 41. Kc5 Kxg5 42. Kxc6 h5 43. Kc5 h4 44. a4 bxa4 45. bxa4 h3 46. a5 h2 47. Kc6 h1=Q+ 48. Kc7 Qd5 0-1

[Event "Live Chess"]
[Site "Chess.com"]
[Date "2024.06.02"]
[Round "-"]
[White "Queensandpawns"]
[Black "elephantgerrald"]
[Result "1-0"]
[WhiteElo "2256"]
[BlackElo "852"]
[TimeControl "300"]
[EndTime "8:02:00 PDT"]
[Termination "Queensandpawns won by checkmate"]

1. e4 e5 2. d4 exd4 3. c3 dxc3 4. Bc4 cxb2 5. Bxb2 Qg5 6. Nf3 Qxg2 7. Rg1 Bb4+ 8. Nc3 Bxc3+ 9. Bxc3 Qh3 10. Bxf7+ Kxf7 11. Ng5+ Kf8 12.
Nxh3 d5 13. Bxg7+ Ke8 14. Qxd5 Bxh3 15. Bxh8 Ne7 16. Qh5+ Kd8 17. Rd1+ Nd7 18. Qxh3 c6 19. Qxd7# 1-0

[Event "Live Chess"]
[Site "Chess.com"]
[Date "2024.06.02"]
[Round "-"]
[White "goldinspiredphoenix"]
[Black "Frankie_Badacsonyi"]
[Result "0-1"]
[WhiteElo "1489"]
[BlackElo "2368"]
[TimeControl "300"]
[EndTime "8:02:13 PDT"]
[Termination "Frankie_Badacsonyi won by resignation"]

1. e4 e6 2. f4 d5 3. e5 c5 4. Nf3 Nc6 5. c3 d4 6. cxd4 cxd4 7. d3 Nge7 8. a3 h5 9. g3 Nf5 10. Bg2 Be7 11. Nbd2 Ne3 12. Qe2 Nc2+ 13. Kf2 Nxa1 14. Qd1 Bd7 15. b4 Rc8 16. Bb2 g6 17. Qxa1 O-O 18. Nxd4 Nxd4 19. Bxd4 Bc6 20. Bxc6 Rxc6 21. Nc4 Qd5 22. Rc1 Rd8 23. Ke3 b5 24. Nd6 Rxc1 25. Qxc1 Bxd6 26. exd6 Rxd6 27. Qb2 a6 28.
Qc3 Rd8 29. Kf2 Qxd4+ 30. Qxd4 Rxd4 31. Ke3 Rd5 32. d4 Kg7 33. Ke4 Kf6 34. h3 g5 35.
h4 gxh4 36. gxh4 Kg6 37. Ke3 Kf5 38. Kd3 Kxf4 39. Kc3 Ke4 0-1

[Event "Live Chess"]
[Site "Chess.com"]
[Date "2024.06.02"]
[Round "-"]
[White "FlyingChessKestrel13"]
[Black "DJ_Lambton"]
[Result "1-0"]
[WhiteElo "2061"]
[BlackElo "1790"]
[TimeControl "300"]
[EndTime "8:02:15 PDT"]
[Termination "FlyingChessKestrel13 won by resignation"]

1. e4 c6 2. d4 d5 3. exd5 cxd5 4. Nf3 Nf6 5. Bd3 Bg4 6. O-O e6 7. c3 Nc6 8. Re1 Be7 9. Nbd2 O-O 10. Nf1 Rc8 11. Ne3 Bxf3 12. Qxf3 Bd6 13. Ng4 Nxg4 14. Qxg4 Ne7 15. Qh5 Ng6 16. Bg5 Be7 17. Bxe7 Qxe7 18. g3 Qf6 19. h4 a6 20. Qg4 Rc6 21. h5 Ne7 22. Re3 h6 23. Rf3 Qg5 24. Qxg5 hxg5 25. g4 Rb6 26. b3 Rc8 27. Kg2 Rxc3 28. Bh7+ Kxh7 29. Rxc3 Nc6 30. Rd1 g6 31. Rh3 gxh5 32. Rxh5+ Kg6 33. Kf3 f6 34. Ke3 Rb4 35. Rdh1 Nxd4 36.
Rh6+ Kf7 37. Kd3 Nf3 38. Rh7+ Ke8 39. Rh8+ Ke7 40. R1h7+ Kd6 41. Rd8+ Ke5 42. Re7 Rb6 43.
Rdd7 Nd4 44. Rxb7 Rxb7 45. Rxb7 Nf3 46. Ke3 Nd4 47. Ra7 Nc2+ 48. Kd2 Nb4 49. a3 Nc6 50. Rxa6 Nd4 51. b4 f5 52. gxf5 exf5 53. Kd3 g4 54.
Ra8 Nc6 55. b5 Ne7 56. b6 Kd6 57. b7 Nc6 58. b8=Q+ Nxb8 59. Rxb8 f4 60. Rg8 1-0